 Dungeon Crawl Stone Soup version 0.28.0-47-ge53b351184 (webtiles) character file.

Game seed: 16700219960438748561

390 nickcage the Magician (level 6, -7/32 HPs)
             Began as a Deep Elf Air Elementalist on May 9, 2022.
             Mangled by a yak (11 damage)
             ... on level 4 of the Dungeon.
             The game lasted 00:08:16 (4244 turns).

nickcage the Magician (Deep Elf Air Elementalist)   Turns: 4244, Time: 00:08:17

Health: -7/32      AC:  2    Str:  5    XL:     6   Next: 50%
Magic:  5/17       EV: 12    Int: 22    God:
Gold:   120        SH:  0    Dex: 15    Spells: 7/17 levels left

rFire   . . .      SeeInvis .   m - +1 dagger (venom)
rCold   . . .      Faith    .   (no shield)
rNeg    . . .      Spirit   .   a - +0 robe
rPois   .          Reflect  .   (no helmet)
rElec   .          Harm     .   (no cloak)
rCorr   .          Rampage  .   (no gloves)
Will    .....                   (no boots)
Stlth   ++........              (no amulet)
HPRegen 0.10/turn               (no ring)
MPRegen 0.15/turn               (no ring)

@: sluggish, very slow
A: no striking features
a: no special abilities


You were on level 4 of the Dungeon.
You visited 1 branch of the dungeon, and saw 4 of its levels.

You collected 120 gold pieces.

Inventory:

Hand Weapons
 c - a +0 whip
 m - a +1 dagger of venom (weapon)
 s - a +3 whip
Missiles
 t - a throwing net
Armour
 a - a +0 robe (worn)
Wands
 n - a wand of flame (12)
 o - a wand of acid (12)
Scrolls
 b - 3 scrolls of identify {unknown}
 e - a scroll of immolation {unknown}
 i - a scroll of blinking {unknown}
 k - 5 scrolls of enchant weapon {unknown}
 q - a scroll of summoning {unknown}
Potions
 d - a potion of might {unknown}
 f - a potion of cancellation {unknown}
 g - a potion of flight {unknown}
 h - a potion of haste {unknown}
 j - 3 potions of lignification {unknown}
 l - 2 potions of curing {unknown}
 p - 2 potions of heal wounds {unknown}
 r - a potion of mutation {unknown}


   Skills:
 - Level 2.5 Dodging
 - Level 2.4 Stealth
 - Level 6.1 Spellcasting
 - Level 2.0 Conjurations
 * Level 5.9 Air Magic


You had 7 spell levels left.
You knew the following spells:

 Your Spells              Type           Power      Damage    Failure   Level
a - Shock                 Conj/Air       96%        1d9       1%          1
b - Static Discharge      Conj/Air       24%        N/A       2%          2
c - Swiftness             Air            32%        N/A       2%          3
d - Airstrike             Air            16%        N/A       8%          4

Your spell library contained the following spells:

 Spells                   Type           Power      Damage    Failure   Level
 Foxfire                  Conj/Fire      44%        2x1d6     6%          1
 Conjure Flame            Conj/Fire      11%        6-21      19%         3
 Inner Flame              Hex/Fire       6%         N/A       26%         3
 Flame Wave               Conj/Fire      11%        2d5       52%         4


Dungeon Overview and Level Annotations

Branches:
Dungeon (4/15)
 Temple: D:4-7

Altars:


Message History

Confirm with . or Enter, or press ? or * to list all spells.
The yak is struck by an arc of lightning.
The yak is severely wounded.
You are struck by an arc of lightning.
The yak is struck by an arc of lightning.
The yak is severely wounded.
The lightning grounds out.
The yak gores you.
Casting: Static Discharge (safe; 3% risk of failure)
Confirm with . or Enter, or press ? or * to list all spells.
The yak is struck by an arc of lightning.
The yak is almost dead.
The yak is struck by an arc of lightning!
The yak is moderately wounded.
The lightning grounds out.
The yak gores you.
Casting: Static Discharge (safe; 3% risk of failure)
Confirm with . or Enter, or press ? or * to list all spells.
You miscast Static Discharge.
You are very lightly contaminated with residual magic.
Nothing appears to happen.
The yak bellows!
The yak barely misses you.
The yak is struck by an arc of lightning!
You kill the yak!
You are struck by an arc of lightning.
Your Spellcasting skill increases to level 6!
You have reached level 6!
Casting: Static Discharge (safe; 2% risk of failure)
Confirm with . or Enter, or press ? or * to list all spells.
You feel quick. The yak gores you.
* * * LOW HITPOINT WARNING * * *
Your magical contamination has completely faded away.
You see here 9 stones.
Things that are here:
a +0 spear; a +0 ring mail; a +0 spear You start to feel a little slower.
You feel sluggish. The yak gores you!
* * * LOW HITPOINT WARNING * * *
The yak gores you!
You die...

## ###### #< #.Y@.# #.
#.##.# #. #######.##.#
####. #.....Y.##.# #....
#.######...### #.### #.#
#.......##### #.#
########.####Y#.###.#...#
#.# .>...).)..)Y..#...
.#...# #.###
#.##.###...#..#.....#...#
#....


You could see a yak.

Vanquished Creatures
  A yak (D:4)
  A gnoll sergeant (D:4)
  Ijyb (D:3)
  5 adders
  4 gnolls (D:4)
  3 worms
  A dart slug (D:2)
  5 orcs
  7 bats (D:1)
  6 endoplasms
  5 hobgoblins
  2 jackals (D:3)
  5 quokkas
  5 ball pythons
  2 frilled lizards
  6 goblins
  2 kobolds (D:1)
  7 rats
68 creatures vanquished.

Notes
Turn   | Place    | Note
-------+----------+-------------------------------------------
     0 | D:1      | nickcage the Deep Elf Air Elementalist began the quest for
                  | the Orb.
     0 | D:1      | Reached XP level 1. HP: 10/10 MP: 6/6
   315 | D:1      | Reached XP level 2. HP: 15/15 MP: 6/8
  1073 | D:2      | Reached XP level 3. HP: 17/19 MP: 2/10
  1658 | D:2      | Reached skill level 4 in Spellcasting
  1855 | D:2      | Found a faded altar of an unknown god.
  1900 | D:2      | Learned a level 2 spell: Static Discharge
  2046 | D:2      | Reached XP level 4. HP: 24/24 MP: 9/12
  2465 | D:2      | Learned a level 3 spell: Swiftness
  3041 | D:3      | Noticed Ijyb
  3049 | D:3      | Killed Ijyb
  3479 | D:3      | Reached XP level 5. HP: 28/28 MP: 7/14
  3994 | D:4      | Reached skill level 5 in Spellcasting
  3997 | D:4      | Reached skill level 5 in Air Magic
  4204 | D:4      | Noticed a yak
  4206 | D:4      | Noticed a yak
  4207 | D:4      | Noticed a yak
  4210 | D:4      | Learned a level 4 spell: Airstrike
  4217 | D:4      | Killed a yak
  4218 | D:4      | Reached skill level 6 in Spellcasting
  4218 | D:4      | Reached XP level 6. HP: 15/32 MP: 4/17
  4244 | D:4      | Mangled by a yak

Illustrated notes

Levels and vault maps discovered:
D:1:      saegor_arrival_simple_c, layout_loops_ring, chequers_garden,
          minmay_cupped
D:2:      layout_basic, basic_ecumenical_altar
D:3:      layout_loops_ring, uniq_ijyb
D:4:      corexii_shack_village, layout_basic, biasface_ghost_orc_armoury

Skill      XL: |  1  2  3  4  5 |
---------------+----------------+-----
Spellcasting   | 4 6 |  6.1
Conjurations   | 2 |  2.0
Air Magic      | 4 5 |  5.9
Dodging        | |  2.5
Stealth        | |  2.4

Action                   |  1- 3 |  4- 6 || total
-------------------------+-------+-------++-------
Melee: Unarmed           |     1 |       ||     1
       Whip              |     2 |       ||     2
 Cast: Shock             |    96 |    75 ||   171
       Static Discharge  |       |     3 ||     3
       Swiftness         |       |     1 ||     1
 Stab: Sleeping          |     1 |       ||     1
Armor: Robe              |     3 |       ||     3
Dodge: Dodged            |    13 |     7 ||    20
